 Dungeon Crawl Stone Soup version 0.30.0-11-gf55b779eaf (webtiles) character file.

Game seed: 16331627223297425863

204690 LobsterGuardian the Sorcerer (level 18, -10/86 HPs)
             Began as a Spriggan Venom Mage on May 16, 2023.
             Was the Champion of Hepliaklqana.
             Shot with a bolt by a naga sharpshooter (26 damage)
             ... on level 3 of the Snake Pit on May 17, 2023.
             The game lasted 04:13:51 (42647 turns).

LobsterGuardian the Sorcerer (Spriggan Venom Mage) Turns: 42647, Time: 04:13:52

Health: -10/86     AC: 11    Str:  6    XL:     18   Next: 2%
Magic:  33/59      EV: 30    Int: 28    God:    Hepliaklqana [******]
Gold:   2108       SH:  0    Dex: 21    Spells: 10/63 levels left

rFire   . . .        F - +1 quick blade "Killer Klown's Doom" {pain, Str+2}
rCold   . . .        V - orb {*channel}
rNeg    . . .        a - +4 troll leather armour {Snorg}
rPois   +            I - +2 hat {Stlth+}
rElec   +            T - +0 cloak
rCorr   .            (gloves unavailable)
SInv    +            (boots unavailable)
Will    +++..        n - amulet of the acrobat
Stlth   ++++++       s - ring of magical power
HPRegen 1.14/turn    R - ring of Luram {rPois Int+6 Dex+3 Stlth+}
MPRegen 0.36/turn

%: acrobat, channel magic (20%)
@: lethally poisoned (-10 -> -12), very quick
A: reduced essence, very small, no large weapons, unfitting armour, see
invisible, speed 3, high MP 1, electricity resistance
}: 1/15 runes: barnacled
a: Renounce Religion, Recall Ancestor, Ancestor Identity, Transference, Idealise


You were on level 3 of the Snake Pit.
You worshipped Hepliaklqana.
Hepliaklqana was exalted by your worship.
You visited 7 branches of the dungeon, and saw 32 of its levels.
You also visited: Bailey.

You collected 3049 gold pieces.
You spent 941 gold pieces at shops.

Inventory:

Hand Weapons
 d - a +3 rapier
 F - the +1 quick blade "Killer Klown's Doom" (weapon) {pain, Str+2}
   (You acquired it on level 15 of the Dungeon)

   Str:       It affects your strength (+2).
Missiles
 A - 2 throwing nets
Armour
 a - a +4 troll leather armour (worn) {Snorg}
 I - a +2 hat of stealth (worn)
 T - a +0 cloak (worn)
 V - an orb of energy (worn)
Jewellery
 e - an amulet of reflection
 j - a ring of flight
 n - an amulet of the acrobat (around neck)
 p - a ring of protection from fire
 s - a ring of magical power (left hand)
 w - a ring of poison resistance
 H - a +4 ring of slaying
 M - a +6 ring of dexterity
 R - the ring of Luram (right hand) {rPois Int+6 Dex+3 Stlth+}
   (You bought it in a shop on level 2 of the Orcish Mines)

   [ring of intelligence]

   Int:       It affects your intelligence (+6).
   Dex:       It affects your dexterity (+3).
   rPois:     It protects you from poison.
   Stlth:     It makes you more stealthy.
 U - a +5 ring of evasion
Wands
 i - a wand of mindburst (28)
 k - a wand of charming (26)
 B - a wand of iceblast (11)
 G - a wand of digging (23)
 K - a wand of polymorph (34)
 L - a wand of quicksilver (7)
 O - a wand of flame (14)
Scrolls
 h - 3 scrolls of noise
 m - a scroll of summoning
 v - 9 scrolls of enchant armour
 x - 17 scrolls of identify
 y - 3 scrolls of fog
 C - 4 scrolls of magic mapping
 E - 6 scrolls of enchant weapon
 J - 3 scrolls of torment
 N - a scroll of silence
 P - 2 scrolls of poison
 Q - 4 scrolls of amnesia
Potions
 b - a potion of magic
 c - 11 potions of curing
 g - 6 potions of flight
 l - 2 potions of ambrosia
 o - 5 potions of lignification
 q - 5 potions of might
 r - 6 potions of haste
 t - 5 potions of attraction
 u - 4 potions of berserk rage
 z - 2 potions of cancellation
 D - 7 potions of brilliance
 S - 2 potions of resistance


   Skills:
 * Level 11.0 Fighting
 - Level 6.0 Short Blades
 - Level 3.0 Armour
 + Level 16.8 Dodging
 - Level 8.0 Stealth
 + Level 23.1 Spellcasting
 - Level 7.0 Conjurations
 - Level 2.0 Hexes
 - Level 3.0 Necromancy
 - Level 1.0 Translocations
 - Level 2.0 Transmutations
 - Level 3.0 Fire Magic
 - Level 1.0 Air Magic
 - Level 8.0 Earth Magic
 - Level 13.0 Poison Magic
 - Level 2.0 Invocations
 - Level 1.0 Evocations


You had 10 spell levels left.
You knew the following spells:

 Your Spells              Type           Power      Damage    Failure   Level
a - Sting                 Tmut/Pois      100%       1d8       1%          1
b - Poisonous Vapours     Pois/Air       100%       N/A       1%          2
c - Mephitic Cloud        Conj/Pois/Air  64%        N/A       2%          3
d - Olgreb's Toxic Radia  Pois           81%        N/A       1%          4
e - Searing Ray           Conj           100%       2d8       1%          2
f - Wereblood             Tmut           43%        N/A       5%          2
g - Scorch                Fire           98%        2d9       4%          2
h - Stone Arrow           Conj/Erth      100%       3d13      2%          3
i - Anguish               Hex/Necr       23%        N/A       16%         4
j - Petrify               Tmut/Erth      57%        N/A       8%          4
k - Lee's Rapid Deconstr  Erth           33%        3d17*     7%          5
l - Eringya's Noxious Bo  Tmut/Pois      32%        N/A       26%         6
m - Blink                 Tloc           74%        N/A       7%          2
n - Iskenderun's Mystic   Conj/Tloc      53%        2d11      11%         4
o - Fireball              Conj/Fire      28%        3d12      16%         5
p - Airstrike             Air            18%        2d(3-19)  26%         4

Your spell library contained the following spells:

 Spells                   Type           Power      Damage    Failure   Level
 Magic Dart               Conj           100%       1d8       1%          1
 Sandblast                Erth           100%       2d20      1%          1
 Foxfire                  Conj/Fire      100%       2x1d9     2%          1
 Shock                    Conj/Air       100%       1d9       2%          1
 Passwall                 Tmut/Erth      47%        N/A       2%          2
 Momentum Strike          Conj/Tloc      100%       3d10      3%          2
 Sublimation of Blood     Necr           49%        N/A       4%          2
 Lesser Beckoning         Tloc           74%        N/A       7%          2
 Volatile Blastmotes      Fire/Tloc      86%        2d17      8%          3
 Flame Wave               Conj/Fire      57%        2d14      8%          4
 Call Imp                 Summ           64%        N/A       9%          2
 Fulminant Prism          Conj/Hex       27%        3d14      10%         4
 Swiftness                Air            37%        N/A       11%         3
 Vhi's Electric Charge    Tloc/Air       74%        N/A       11%         3
 Animate Armour           Summ/Erth      100%       N/A       11%         4
 Cause Fear               Hex            21%        N/A       19%         4
 Irradiate                Conj/Tmut      27%        3d20      19%         5
 Arcjolt                  Conj/Air       26%        1d36      22%         5
 Starburst                Conj/Fire      28%        6d9       52%         6
 Summon Forest            Summ/Tloc      17%        N/A       56%         5
 Plasma Beam              Fire/Air       21%        2x1d36    87%         6
 Summon Cactus Giant      Summ           16%        N/A       98%         6
 Enfeeble                 Hex            21%        N/A       100%        7
 Summon Hydra             Summ           16%        N/A       100%        7
 Lehudib's Crystal Spear  Conj/Erth      32%        10d8      100%        8
 Maxwell's Capacitive Co  Air            18%        ∞         100%        8


Dungeon Overview and Level Annotations

Branches:
Dungeon (15/15)            Temple (1/1) D:5            Lair (5/5) D:8
 Shoals (4/4) Lair:2        Snake (3/4) Lair:2        Slime (0/5) Lair:5
    Orc (2/2) D:12            Elf (2/3) Orc:2        Vaults (0/5) D:13
 Depths (0/4) D:15         Bailey (visited)

Altars:
Ashenzari
Cheibriados
Dithmenos
Elyvilon
Fedhas
Gozag
Hepliaklqana
Kikubaaqudgha
Makhleb
Nemelex Xobeh
Okawaru
Qazlal
Ru
Sif Muna
Trog
Uskayaw
Vehumet
Wu Jian
Xom
Yredelemnul
Zin
The Shining One

Shops:
D:1 *   D:15 *   Orc:1 *   Orc:2 [*(=   Shoals:2 (

Annotations:
Lair:5 exclusion: 4 oklob plants
Snake:1 1 runed translucent door, Ousak's ghost, adept OpTm
Snake:2 Vashnia
Elf:2 3 runed translucent doors


Innate Abilities, Weirdness & Mutations

Your life essence is reduced to manifest your ancestor. (-10% HP)
You are very small and have problems with some larger weapons.
You are too small for most types of armour.
You have supernaturally acute eyesight. (SInv)
You cover ground extremely quickly. (Speed+++)
You have an increased reservoir of magic. (+10% MP)
You are resistant to electric shocks. (rElec)


Message History

The naga warrior collides with the salamander!
The naga warrior is moderately wounded.
The mystic blast hits the naga!
The naga is heavily wounded.
The naga is knocked back by the mystic blast.
The mystic blast hits the naga warrior!
The naga warrior is lightly wounded.
The naga warrior is knocked back by the mystic blast.
The naga warrior shouts!
The naga warrior roars a battlecry!
The nagas go into a battle-frenzy!
The naga sharpshooter mumbles some strange words.
The naga sharpshooter magically shoots a bolt.
The bolt barely misses you.
The guardian serpent casts a spell at you.
The bolt of poison hits the naga.
The bolt of poison hits you.
You are poisoned.
You resist.
Unknown command.
You feel very sick.
The naga warrior hits you with a +0 hand axe!!
* * * LOW HITPOINT WARNING * * *
The naga warrior completely misses you.
The naga sharpshooter shoots a bolt.
The bolt completely misses you.
The bolt hits the naga!!
The naga dies!
The salamander completely misses you.
There is an escape hatch in the ceiling, spattered with blood here.
Unknown command.
Unknown command.
Unknown command.
Unknown command.
You feel better. The naga warrior spits poison at you.
The splash of poison hits you but does no damage.
You are poisoned.
You resist.
The naga sharpshooter mumbles some strange words.
The naga sharpshooter magically shoots a bolt.
The bolt hits you!!
You die...

#. ...N..# .
##.##
#+###.........
#...#
...#...........
+.♣.## ##.♣...
#....# #....#
##.(.###...#
#....#....#
##......)#
#.>)♣.@.#
#...NN..#
#)...#N.SN#
#N..###..N#
#....# #....#
...♣.## ##.♣...
.#... ...#.. #+
#+##.#


You could see 3 naga warriors, a naga sharpshooter (strong), a salamander, a
guardian serpent and a naga.

Vanquished Creatures
  Saint Roka (Orc:2)
  Mlioglotl (Snake:2)
  Frances (Shoals:2)
  Gastronok (D:9)
  Polyphemus (Shoals:4)
  Donald (Shoals:1)
  A juggernaut zombie (D:15)
  Aizul (Snake:1)
  An orc warlord (Bailey)
  Azrael (Orc:2)
  Snorg (D:10)
  3 merfolk javelineers
  A quicksilver dragon zombie (D:15)
  Josephine (Lair:5)
  4 merfolk impalers
  A fire dragon (D:15)
  Erolcha (Orc:1)
  3 anacondas
  4 boulder beetles
  A merfolk avatar (Shoals:2)
  6 two-headed ogres
  5 hydras
  2 alligator snapping turtles
  3 centaur warriors
  3 merfolk aquamancers
  5 satyrs
  2 tengu warriors
  A death yak (Shoals:4)
  5 naga sharpshooters
  9 dancing weapons
  4 naga warriors (Snake:2)
  2 shock serpents
  4 orc high priests (Orc:2)
  A fire crab (D:13)
  5 skysharks
  2 deep elf knights
  A skeletal warrior (D:15)
  A flayed ghost (D:15)
  9 sea snakes
  2 wizards (Elf:1)
  6 deep elf archers
  A necromancer (D:15)
  An orc knight (D:15)
  16 harpies
  13 deep elf zephyrmancers
  A naga ritualist (Snake:2)
  4 mana vipers
  19 deep elf pyromancers
  An orc sorcerer (Orc:2)
  20 ugly things
  10 manticores
  10 fauns
  5 merfolk sirens
  7 elephants
  A guardian serpent (shapeshifter) (Elf:2)
  Maurice (Orc:2)
  10 black mambas
  3 water nymphs (Shoals:4)
  4 gargoyles
  3 naga magi
  A torpor snail (Lair:2)
  10 cane toads
  A yaktaur (shapeshifter) (Elf:2)
  7 rime drakes
  2 unseen horrors
  A rime drake (shapeshifter) (Elf:2)
  An efreet (D:14)
  A tengu conjurer (D:13)
  6 komodo dragons
  A guardian mummy (D:15)
  8 trolls
  A polar bear (shapeshifter) (Elf:2)
  13 merfolk
  8 polar bears (Lair:5)
  Prince Ribbit (D:5)
  2 wind drakes (Shoals:1)
  10 blink frogs
  2 raiju (Lair:5)
  7 dream sheep
  A wind drake (shapeshifter) (D:13)
  A spriggan zombie (D:15)
  A snapping turtle (shapeshifter) (D:13)
  2 slime creatures (D:13)
  An air elemental (Elf:2)
  6 wraiths
  2 snapping turtles
  3 shadows
  A vampire (D:13)
  9 water elementals
  45 yaks
  3 fire elementals
  4 basilisks
  3 wyverns (D:8)
  2 steam dragons
  11 vampire mosquitoes
  Menkaure (D:4)
  5 wargs
  15 nagas
  14 hell hounds
  19 water moccasins
  26 orc warriors
  3 sky beasts
  3 ice beasts
  17 black bears
  36 wolves
  2 ogres
  A boggart (Elf:1)
  6 centaurs
  A tengu (shapeshifter) (Elf:2)
  2 phantoms
  5 bullfrogs
  A scorpion (shapeshifter) (Elf:2)
  2 gnoll sergeants (D:10)
  A scorpion (D:5)
  5 hexers
  15 killer bees
  6 electric eels
  A troll skeleton (D:14)
  6 spriggan skeletons
  10 howler monkeys
  2 lava snakes (Lair:2)
  5 hounds
  4 jellies
  21 orc priests
  3 iguanas
  2 sleepcaps
  An ancestor (Bailey)
  29 orc wizards
  4 hell rats (Lair:2)
  6 adders
  13 gnolls
  2 white imps (D:5)
  2 worms
  A dart slug (D:5)
  81 orcs
  An orc (shapeshifter) (Elf:2)
  6 ball pythons
  3 endoplasms
  A giant cockroach (D:4)
  12 goblins
  11 hobgoblins
  7 jackals
  3 quokkas
  2 bats
  A frilled lizard (D:1)
  20 kobolds
  2 rats
864 creatures vanquished.

Vanquished Creatures (collateral kills)
  Ilsuiw (Shoals:2)
  A deep elf sorcerer (Elf:1)
  A catoblepas (Shoals:4)
  2 merfolk avatars
  2 hydras
  A boulder beetle (D:13)
  A two-headed ogre (D:13)
  An anaconda (Snake:1)
  A centaur warrior (D:14)
  A death yak (Shoals:4)
  A tengu warrior (D:14)
  A naga warrior (Snake:1)
  A deep elf knight (Elf:2)
  A naga sharpshooter (Snake:2)
  2 skysharks
  5 harpies
  A deep elf zephyrmancer (Elf:1)
  2 manticores
  A mana viper (Snake:2)
  7 ugly things
  2 salamanders
  Joseph (D:10)
  An elephant (Lair:3)
  2 naga magi
  A gargoyle (D:10)
  3 black mambas
  2 merfolk sirens (Shoals:3)
  2 water nymphs
  A cane toad (Lair:1)
  2 unseen horrors
  2 trolls
  2 komodo dragons
  5 merfolk
  4 blink frogs
  A polar bear (shapeshifter) (Elf:2)
  A dream sheep (Lair:3)
  3 slime creatures (D:13)
  A shadow (D:10)
  5 water elementals
  A fire elemental (Orc:2)
  21 yaks
  A basilisk (D:12)
  2 wargs
  2 nagas (Snake:1)
  A vampire mosquito (D:10)
  4 hell hounds
  3 water moccasins
  A swamp drake (shapeshifter) (Elf:2)
  4 orc warriors
  A sky beast (D:7)
  9 wolves
  3 bullfrogs
  4 killer bees
  A lava snake (Lair:2)
  A gnoll bouda (D:8)
  An orc priest (Orc:2)
  An iguana (D:8)
  An orc wizard (D:10)
  A hell rat (Lair:2)
  4 gnolls (D:10)
  2 orcs
  2 hobgoblins (Bailey)
146 creatures vanquished.

Vanquished Creatures (others)
  2 naga sharpshooters
  A deep elf knight (Elf:2)
  A deep elf archer (Elf:2)
  A polar bear (Lair:5)
  A blink frog (Lair:5)
  3 nagas
  An orc priest (D:15)
  27 hexers
  5 ancestors
42 creatures vanquished.

Grand Total: 1052 creatures vanquished

Notes
Turn   | Place    | Note
-------+----------+-------------------------------------------
     0 | D:1      | LobsterGuardian the Spriggan Venom Mage began the quest for
                  | the Orb.
     0 | D:1      | Reached XP level 1. HP: 9/9 MP: 5/5
   226 | D:1      | Reached skill level 3 in Spellcasting
   357 | D:1      | Reached XP level 2. HP: 13/13 MP: 7/7
   481 | D:1      | Learned a level 2 spell: Poisonous Vapours
   498 | D:1      | Found Sapygg's Assorted Antiques.
   994 | D:2      | Reached XP level 3. HP: 13/16 MP: 4/8
   998 | D:2      | Learned a level 3 spell: Mephitic Cloud
  1092 | D:2      | Found a faded altar of an unknown god.
  1093 | D:2      | Upgraded the game from 0.30.0-10-gfe55d96785 to
                  | 0.30.0-11-gf55b779eaf
  1426 | D:2      | Gained mutation: You are resistant to electric shocks.
                  | (rElec) [potion of mutation]
  1426 | D:2      | Gained mutation: Your magical capacity is low. (-10% MP)
                  | [potion of mutation]
  2191 | D:3      | Reached XP level 4. HP: 21/21 MP: 0/8
  2510 | D:3      | Noticed an ice beast
  2553 | D:3      | Killed an ice beast
  2554 | D:3      | Reached skill level 5 in Poison Magic
  2554 | D:3      | Reached XP level 5. HP: 24/24 MP: 0/9
  2799 | D:3      | Learned a level 4 spell: Olgreb's Toxic Radiance
  3037 | D:4      | Found a sacrificial altar of Ru.
  3063 | D:4      | Reached XP level 6. HP: 28/28 MP: 7/10
  3119 | D:4      | Noticed Menkaure
  3828 | D:4      | Killed Menkaure
  3837 | D:4      | Reached skill level 5 in Dodging
  4002 | D:4      | Lost mutation: You are resistant to electric shocks.
                  | (rElec) [potion of mutation]
  4002 | D:4      | Lost mutation: Your magical capacity is low. (-10% MP)
                  | [potion of mutation]
  4002 | D:4      | Gained mutation: You have sharp toenails. [potion of
                  | mutation]
  4002 | D:4      | Gained mutation: Your body sometimes deteriorates upon
                  | taking damage. [potion of mutation]
  4119 | D:5      | Entered Level 5 of the Dungeon
  4119 | D:5      | Noticed Prince Ribbit
  4135 | D:5      | Killed Prince Ribbit
  4136 | D:5      | Reached skill level 1 in Armour
  4136 | D:5      | Reached skill level 1 in Fighting
  4136 | D:5      | Reached skill level 4 in Spellcasting
  4136 | D:5      | Reached XP level 7. HP: 23/34 MP: 12/14
  4653 | D:5      | Found a stormy altar of Qazlal.
  4709 | D:5      | Reached skill level 5 in Spellcasting
  4975 | D:5      | Found a staircase to the Ecumenical Temple.
  4981 | Temple   | Entered the Ecumenical Temple
  5186 | Temple   | Became a worshipper of Hepliaklqana the Forgotten
  5265 | D:5      | Reached XP level 8. HP: 38/39 MP: 16/17
  5330 | D:5      | Learned a level 2 spell: Searing Ray
  5333 | D:5      | Learned a level 2 spell: Wereblood
  5522 | D:6      | Reached skill level 6 in Spellcasting
  5522 | D:6      | Reached skill level 1 in Air Magic
  5929 | D:6      | Reached skill level 7 in Spellcasting
  6012 | D:6      | Reached skill level 8 in Spellcasting
  6423 | D:6      | Reached skill level 9 in Spellcasting
  6589 | D:7      | Identified a scroll of acquirement
  6589 | D:7      | Acquired the +0 robe "Miqaacla" {rC++ Will- rCorr Dex+3}
  6618 | D:7      | Reached skill level 1 in Short Blades
  6700 | D:7      | Reached * piety under Hepliaklqana
  6712 | D:7      | Found a flagged portal.
  6741 | D:7      | Reached skill level 1 in Conjurations
  6759 | Bailey   | Entered a bailey
  6804 | Bailey   | Noticed an orc warlord
  6891 | Bailey   | Reached XP level 9. HP: 39/39 MP: 14/23
  6943 | Bailey   | Found a runed translucent gate.
  6943 | Bailey   | Found a runed translucent gate.
  6943 | Bailey   | Found a runed translucent gate.
  7407 | Bailey   | Reached skill level 10 in Spellcasting
  7407 | Bailey   | Reached skill level 5 in Conjurations
  7407 | Bailey   | Reached XP level 10. HP: 45/45 MP: 25/25
  7425 | Bailey   | Killed an orc warlord
  7426 | Bailey   | Reached skill level 11 in Spellcasting
  8366 | D:7      | Reached skill level 5 in Fighting
  8555 | D:7      | Learned a level 2 spell: Scorch
  8760 | D:8      | Reached skill level 12 in Spellcasting
  8916 | D:8      | Noticed a two-headed ogre
  8937 | D:8      | Killed a two-headed ogre
  8938 | D:8      | Reached skill level 1 in Fire Magic
  8938 | D:8      | Reached XP level 11. HP: 49/49 MP: 17/28
  9248 | D:8      | Found a staircase to the Lair.
  9966 | D:8      | Reached skill level 13 in Spellcasting
 10351 | D:9      | Noticed Gastronok
 10544 | D:9      | Reached ** piety under Hepliaklqana
 10545 | D:9      | Remembered your ancestor Brogan as a hexer
 10595 | D:9      | Reached skill level 10 in Poison Magic
 10955 | D:9      | Killed Gastronok
 10956 | D:9      | Reached skill level 14 in Spellcasting
 11007 | D:9      | Found a blossoming altar of Fedhas.
 11304 | D:9      | Found an ornate altar of the Wu Jian Council.
 11672 | D:10     | Entered Level 10 of the Dungeon
 11747 | D:10     | Noticed Snorg
 11889 | D:10     | Reached skill level 15 in Spellcasting
 11955 | D:10     | Reached XP level 12. HP: 36/54 MP: 25/32
 11962 | D:10     | Reached skill level 5 in Stealth
 12312 | D:10     | Killed Snorg
 12371 | D:10     | Noticed Joseph
 12388 | D:10     | Killed Joseph
 12389 | D:10     | Reached skill level 16 in Spellcasting
 12439 | D:10     | Noticed a two-headed ogre
 12456 | D:10     | Killed a two-headed ogre
 12572 | D:10     | Found a shadowy altar of Dithmenos.
 12809 | D:11     | Noticed a two-headed ogre
 12973 | D:11     | You fall into a shaft and drop 1 floor!
 12994 | D:12     | Noticed a two-headed ogre
 13024 | D:12     | Killed a two-headed ogre
 13188 | D:12     | Reached *** piety under Hepliaklqana
 13422 | D:12     | Reached skill level 17 in Spellcasting
 13637 | D:11     | Killed a two-headed ogre
 13917 | D:11     | Noticed a boulder beetle
 13932 | D:11     | Killed a boulder beetle
 14607 | D:12     | Found a staircase to the Orcish Mines.
 14731 | D:12     | Reached **** piety under Hepliaklqana
 14900 | D:13     | Learned a level 3 spell: Stone Arrow
 15053 | D:13     | Noticed a tengu warrior
 15061 | D:13     | Killed a tengu warrior
 15066 | D:13     | Noticed a boulder beetle
 15079 | D:13     | Noticed a centaur warrior
 15084 | D:13     | Reached XP level 13. HP: 20/56 MP: 15/35
 15116 | D:13     | Reached skill level 18 in Spellcasting
 15951 | Orc:1    | Entered Level 1 of the Orcish Mines
 15956 | Orc:1    | Noticed Erolcha
 15971 | Orc:1    | Killed Erolcha
 16318 | Orc:1    | Found Ditij's Assorted Antiques.
 16556 | Orc:2    | Entered Level 2 of the Orcish Mines
 16775 | Orc:2    | Noticed Azrael
 16928 | Lair:1   | Entered Level 1 of the Lair of Beasts
 17252 | Lair:1   | Lost mutation: You have sharp toenails. [potion of
                  | mutation]
 17252 | Lair:1   | Lost mutation: Your body sometimes deteriorates upon taking
                  | damage. [potion of mutation]
 17252 | Lair:1   | Gained mutation: Your system is resistant to poisons.
                  | (rPois) [potion of mutation]
 17252 | Lair:1   | Gained mutation: You are resistant to electric shocks.
                  | (rElec) [potion of mutation]
 17252 | Lair:1   | Lost mutation: Your system is resistant to poisons. (rPois)
                  | [potion of mutation]
 17252 | Lair:1   | Gained mutation: You have an increased reservoir of magic.
                  | (+10% MP) [potion of mutation]
 18461 | Lair:2   | Reached skill level 19 in Spellcasting
 18539 | Lair:2   | Found a staircase to the Snake Pit.
 18683 | Lair:2   | Found a staircase to the Shoals.
 19133 | Lair:2   | Reached ***** piety under Hepliaklqana
 19254 | Lair:3   | Identified the +2 robe of Nagrum {Dex+3}
 19480 | Lair:3   | Reached XP level 14. HP: 39/63 MP: 19/42
 21069 | Lair:4   | Found a shimmering altar of Xom.
 21675 | Lair:4   | Reached skill level 20 in Spellcasting
 22136 | Lair:5   | Entered Level 5 of the Lair of Beasts
 22153 | Lair:5   | Noticed Josephine
 22201 | Lair:5   | Found a staircase to the Slime Pits.
 22237 | Lair:5   | Identified the +1 ring mail "Regomaz" {rPois Regen+ Int+4
                  | Dex-4 Stlth+}
 22430 | Lair:4   | Learned a level 4 spell: Anguish
 22435 | Lair:4   | Learned a level 4 spell: Petrify
 22441 | Lair:4   | Learned a level 5 spell: Lee's Rapid Deconstruction
 22623 | Orc:2    | Found a staircase to the Elven Halls.
 22699 | Orc:2    | Noticed Saint Roka
 22711 | Orc:2    | Reached skill level 1 in Earth Magic
 22735 | Orc:2    | Noticed Maurice
 22936 | Orc:2    | Killed Maurice
 23368 | Orc:2    | Killed Saint Roka
 24257 | D:13     | Found a gate to the Vaults.
 24644 | D:14     | Reached ****** piety under Hepliaklqana
 24849 | Orc:2    | Reached skill level 5 in Earth Magic
 24937 | Orc:2    | Found Ogeoppol's Assorted Antiques.
 24937 | Orc:2    | Found Vonase's Jewellery Shoppe.
 24937 | Orc:2    | Found Ufef's Antique Weapon Shoppe.
 24962 | Orc:2    | Found Rioc Besh's Antique Armour Emporium.
 24966 | Orc:2    | Bought the ring of Luram {rPois Int+6 Dex+3 Stlth+} for 731
                  | gold pieces
 25036 | Orc:2    | Killed Azrael
 25395 | Orc:2    | Bought a runed rapier for 210 gold pieces
 25597 | Lair:5   | Learned a level 6 spell: Eringya's Noxious Bog
 25600 | Lair:5   | Learned a level 2 spell: Blink
 25605 | Lair:5   | Learned a level 4 spell: Iskenderun's Mystic Blast
 25691 | Lair:5   | Killed Josephine
 25692 | Lair:5   | Reached XP level 15. HP: 64/66 MP: 1/43
 26241 | Lair:5   | Identified the +2 helmet of the Little Devil {rF++ rN+
                  | Will- MP+9}
 26892 | Lair:5   | Reached skill level 1 in Hexes
 27076 | Lair:5   | Reached skill level 1 in Necromancy
 27125 | Lair:5   | Reached skill level 1 in Evocations
 27197 | Lair:5   | Reached skill level 1 in Translocations
 27260 | Lair:5   | Reached skill level 1 in Invocations
 29328 | D:15     | Entered Level 15 of the Dungeon
 29708 | D:15     | Found a staircase to the Depths.
 29721 | D:15     | Reached skill level 10 in Dodging
 29732 | D:15     | Reached skill level 21 in Spellcasting
 30567 | D:15     | Found Qoffac's Overcharged Wands.
 31095 | Snake:1  | Entered Level 1 of the Snake Pit
 31128 | Snake:1  | Noticed Aizul
 31270 | Shoals:1 | Entered Level 1 of the Shoals
 31526 | Shoals:1 | Reached XP level 16. HP: 72/72 MP: 4/46
 32547 | Shoals:1 | Noticed Donald
 32557 | Shoals:1 | Killed Donald
 32984 | Shoals:2 | Reached skill level 5 in Short Blades
 33243 | Shoals:2 | Noticed Frances
 33251 | Shoals:2 | Killed Frances
 33340 | Shoals:2 | Found Kuuteygh's Weapon Boutique.
 34046 | Shoals:2 | Noticed Ilsuiw
 34054 | Shoals:2 | Killed Ilsuiw
 34499 | Shoals:3 | Reached skill level 22 in Spellcasting
 35239 | Shoals:4 | Entered Level 4 of the Shoals
 35641 | Shoals:4 | Noticed Polyphemus
 35661 | Shoals:4 | Killed Polyphemus
 35674 | Shoals:4 | Reached XP level 17. HP: 66/76 MP: 0/49
 36163 | Snake:1  | Killed Aizul
 36164 | Snake:1  | Reached skill level 23 in Spellcasting
 36440 | Snake:1  | Found an ornate altar of the Wu Jian Council.
 36485 | Snake:1  | Found a runed translucent door.
 36486 | Snake:1  | Noticed Ousak's ghost (adept OpTm)
 37161 | Snake:2  | Noticed Mlioglotl
 37324 | Snake:2  | Killed Mlioglotl
 38711 | Elf:1    | Entered Level 1 of the Elven Halls
 39078 | Elf:1    | Reached skill level 15 in Dodging
 39174 | Elf:1    | Reached skill level 10 in Fighting
 39647 | Elf:1    | Learned a level 5 spell: Fireball
 40680 | Elf:2    | Found a runed translucent gate.
 40681 | Elf:2    | Found a runed translucent gate.
 40681 | Elf:2    | Found a runed translucent gate.
 40718 | Elf:2    | Paralysed by an air elemental for 1 turns
 40962 | D:15     | Acquired the +1 quick blade "Killer Klown's Doom" {pain,
                  | Str+2}
 40976 | D:15     | Learned a level 4 spell: Airstrike
 41493 | Shoals:4 | Got a barnacled rune of Zot
 42206 | Snake:2  | Noticed Vashnia
 42640 | Snake:3  | Reached XP level 18. HP: 50/86 MP: 39/50
 42647 | Snake:3  | Shot with a bolt by a naga sharpshooter

Illustrated notes

Levels and vault maps discovered:
D:1:      eino_arrival_cavern_c, layout_basic, serial_shops, shop
D:2:      minmay_door_path, layout_rooms, basic_ecumenical_altar,
          grunt_ministairs_13, minmay_misc_feat_tiny, serial_bayou_pond_c
D:3:      layout_loops_ring, hellmonk_no_cap
D:4:      layout_loops_ring, general_overflow_altar, uniq_menkaure
D:5:      layout_rooms, nicolae_qazlal_beasts_of_the_sky,
          minmay_temple_entry_fiery, uniq_prince_ribbit1
D:6:      layout_loops_ring
D:7:      layout_loops_corners, enter_bailey_5
D:8:      layout_basic, minmay_lair_entry_grove
D:9:      layout_cave_pods, fedhas_ov_isle_minmay, kennysheep_mini_moat,
          uniq_gastronok
D:10:     layout_rooms, mainiacjoe_overflow_paths, minmay_crystal_room,
          grunt_potential, uniq_snorg, uniq_joseph
D:11:     layout_small_grid, serial_glass, glass_columns_c, glass_columns_b
D:12:     layout_basic, orc_0_dummy
D:13:     layout_long_grid, david_vaults_5, minmay_circle_x
D:14:     layout_loops_ring, abandoned_shop, hangedman_tell_no_tales
D:15:     gammafunk_depths_entry_grave, layout_long_grid, solitary_fountain,
          nicolae_shop_overcharged_wands
Temple:   minmay_crystal_spiral_temple
Lair:1:   layout_misc_corridors, beast_lair_carwin_2, serial_bayou_shore_b,
          grunt_megastairs_5
Lair:2:   cheibrodos_lair_river_kwai, layout_regular_city,
          elwin_shoals_entry_rooms, nicolae_snake_entry_warm_welcome,
          serial_bayou_lagoon_a, disabler_island
Lair:3:   layout_concentric_octagons
Lair:4:   layout_cave_pods, basic_altar, grunt_forest_large_clearings,
          lemuel_fruit_tree
Lair:5:   hangedman_lair_caniforms_friends, layout_layer_cave,
          minmay_slime_entry_oklob_open, portal_ice_cave_rime, uniq_josephine
Shoals:1: layout_shoals, uniq_donald
Shoals:2: layout_shoals, serial_shops, shop, nzn_prometheus_bound, uniq_ilsuiw,
          uniq_frances
Shoals:3: layout_shoals
Shoals:4: shoals_end_grunt_garden, layout_shoals, uniq_polyphemus
Snake:1:  layout_cave_shapes, gammafunk_ghost_grave, basic_altar,
          serial_bayou_shore_b, uniq_aizul
Snake:2:  layout_layer_cave, nicolae_integral_box, uniq_mlioglotl, uniq_vashnia
Snake:3:  layout_onion_interference, grunt_ministairs_13, serial_bayou_ford_a
Orc:1:    layout_diamond_mine, serial_shops, shop, mines2_david, uniq_erolcha
Orc:2:    st_orc_mages, layout_caves, special_room, uniq_maurice, uniq_azrael,
          uniq_saint_roka
Elf:1:    minmay_elf_arrival_summoners, layout_onion_city,
          hangedman_elf_disciples
Elf:2:    nicolae_elf_blades_crystal_corner, layout_geoelf_grid,
          nicolae_elf_shapeshifter_party

Skill      XL: |  1  2  3  4  5  6  7  8  9 10 11 12 13 14 15 16 17 |
---------------+----------------------------------------------------+-----
Spellcasting   | 3 4 5 9 10 12 15 17 19 20 21 22 23 | 23.1
Transmutations | 2 |  2.0
Dodging        | 3 5 8 9 10 13 16 | 16.8
Poison Magic   | 4 5 6 7 9 10 11 12 13 | 13.0
Armour         | 1 3 |  3.0
Fighting       | 1 2 3 4 5 6 7 8 11 | 11.0
Air Magic      | 1 |  1.0
Short Blades   | 2 3 4 5 6 |  6.0
Conjurations   | 2 5 6 7 |  7.0
Stealth        | 4 5 6 8 |  8.0
Fire Magic     | 1 2 3 |  3.0
Earth Magic    | 6 8 |  8.0
Hexes          | 2 |  2.0
Necromancy     | 1 3 |  3.0
Evocations     | 1 |  1.0
Translocations | 1 |  1.0
Invocations    | 2 |  2.0

Action                     |  1- 3 |  4- 6 |  7- 9 | 10-12 | 13-15 | 16-18 || total
---------------------------+-------+-------+-------+-------+-------+-------++-------
  Melee: Dagger            |    43 |    43 |    91 |   111 |   209 |       ||   497
         Unarmed           |     1 |       |       |       |       |       ||     1
         Punch             |       |     1 |     1 |     2 |     6 |     1 ||    11
         Kick              |       |     1 |    32 |    54 |    25 |       ||   112
         Short sword       |       |       |       |       |     7 |       ||     7
         Rapier            |       |       |       |       |   125 |    85 ||   210
         Quick blade       |       |       |       |       |       |     8 ||     8
  Throw: Throwing net      |       |       |       |       |       |     3 ||     3
   Cast: Sting             |    50 |    78 |   109 |   159 |   118 |    13 ||   527
         Poisonous Vapours |     3 |     3 |    13 |    12 |    16 |    21 ||    68
         Mephitic Cloud    |       |     2 |    10 |    33 |    23 |    10 ||    78
         Olgreb's Toxic Ra |       |     1 |    14 |    58 |   106 |    55 ||   234
         Searing Ray       |       |       |     8 |    38 |     5 |    18 ||    69
         Scorch            |       |       |       |    65 |    15 |    34 ||   114
         Wereblood         |       |       |       |     3 |     9 |     1 ||    13
         Stone Arrow       |       |       |       |     2 |   420 |   211 ||   633
         Petrify           |       |       |       |       |    60 |    25 ||    85
         Lee's Rapid Decon |       |       |       |       |    51 |    39 ||    90
         Anguish           |       |       |       |       |    15 |    21 ||    36
         Iskenderun's Myst |       |       |       |       |     5 |    70 ||    75
         Eringya's Noxious |       |       |       |       |     5 |    15 ||    20
         Blink             |       |       |       |       |     1 |     1 ||     2
         Fireball          |       |       |       |       |       |    30 ||    30
         Airstrike         |       |       |       |       |       |     2 ||     2
 Invoke: Ancestor Identity |       |       |     1 |       |       |       ||     1
         Recall Ancestor   |       |       |       |     3 |    12 |     7 ||    22
         Ancestor Life: He |       |       |       |     1 |       |       ||     1
  Evoke: Wand              |       |       |       |     2 |     6 |     1 ||     9
    Use: Scroll            |     2 |     4 |     8 |     8 |    15 |    10 ||    47
         Potion            |     1 |     4 |     2 |     2 |     9 |     9 ||    27
   Stab: Sleeping          |     9 |     1 |       |     6 |     8 |     7 ||    31
         Confused          |       |       |     2 |     2 |    11 |     7 ||    22
         Distracted        |       |       |       |     3 |     3 |     1 ||     7
         Paralysed         |       |       |       |     1 |    22 |    27 ||    50
         Petrified         |       |       |       |       |    38 |     4 ||    42
         Petrifying        |       |       |       |       |     6 |       ||     6
         Invisible         |       |       |       |       |     2 |       ||     2
 Armour: Robe              |     4 |       |     2 |       |       |       ||     6
         Steam dragon scal |       |       |       |     8 |       |       ||     8
         Troll leather arm |       |       |       |     4 |    83 |    42 ||   129
  Dodge: Dodged            |    38 |    38 |    75 |   199 |   522 |   452 ||  1324
  Block: Other             |     8 |    16 |     9 |       |       |       ||    33
         Reflection        |       |     1 |       |       |       |       ||     1
